 Dungeon Crawl Stone Soup version 0.19.0-11-g3fc08b3 (webtiles) character file.

154 theElss the Conjurer (level 5, -2/31 HPs)
             Began as a High Elf Conjurer on Nov 8, 2016.
             Killed from afar by Ijyb (12 damage)
             ... with a wand of lightning
             ... on level 3 of the Dungeon.
             The game lasted 00:10:25 (3223 turns).

theElss the Conjurer (High Elf Conjurer)            Turns: 3223, Time: 00:10:26

Health: -2/31      AC:  0    Str:  7    XL:     5   Next: 13%
Magic:  1/11       EV: 13    Int: 19    God:
Gold:   103        SH:  0    Dex: 16    Spells: 3 memorised, 4 levels left

rFire  . . .     SeeInvis .     e - +0 club
rCold  . . .     Gourm    .     a - +0 robe
rNeg   . . .     Faith    .     (no shield)
rPois  .         Spirit   .     (no helmet)
rElec  .         Reflect  .     n - +0 cloak
rCorr  .         Harm     .     (no gloves)
MR     .....                    (no boots)
Stlth  ++........               (no amulet)
                                (no ring)
                                m - -3 ring of protection (curse)

@: very slightly contaminated
A: no striking features
a: no special abilities


You were on level 3 of the Dungeon.
You were hungry.

You visited 1 branch of the dungeon, and saw 3 of its levels.

You collected 103 gold pieces.

Inventory:

Hand Weapons
 e - a +0 club (weapon)
Armour
 a - a +0 robe (worn)
 n - a +0 cloak (worn)
Jewellery
 m - a cursed -3 ring of protection (left hand)
Scrolls
 d - a scroll of blinking
 g - a scroll of enchant weapon
 h - 3 scrolls of identify
 o - 3 scrolls of remove curse {unknown}
 s - 2 scrolls of amnesia {unknown}
 u - a scroll of fog {unknown}
 w - a scroll of teleportation {unknown}
Potions
 f - a potion of curing {unknown}
 i - a potion of invisibility {unknown}
 j - a potion of haste {unknown}
 k - a potion of lignification {unknown}
 p - a potion of brilliance {unknown}
 r - 2 potions of heal wounds {unknown}
 t - 2 potions of cancellation {unknown}
 x - a potion of degeneration {unknown}
 z - a potion of agility {unknown}
Books
 b - a book of Conjurations

   Spells                             Type                      Level
   a - Magic Dart                     Conjuration                  1
   b - Searing Ray                    Conjuration                  2
   c - Dazzling Spray                 Conjuration/Hexes            3
   d - Fulminant Prism                Conjuration/Hexes            4
   e - Iskenderun's Mystic Blast      Conjuration                  4
   f - Iskenderun's Battlesphere      Conjuration/Charms           5
Comestibles
 c - 2 bread rations
 l - a meat ration
 v - 5 fruits


   Skills:
 - Level 2.1 Dodging
 - Level 2.1 Stealth
 + Level 3.9 Spellcasting
 + Level 6.3 Conjurations


You had 4 spell levels left.
You knew the following spells:

 Your Spells              Type           Power        Failure   Level  Hunger
a - Magic Dart            Conj           ####         1%          1    None
c - Searing Ray           Conj           ####..       1%          2    ##.....
d - Iskenderun's Mystic   Conj           ####....     12%         4    ####...


Dungeon Overview and Level Annotations

Branches:
Dungeon (3/15)

Altars:
Ashenzari
Elyvilon
Kikubaaqudgha
Ru
Trog

Annotations:
D:3 Aelig's ghost, amateur HOWn; Ijyb


Message History

Casting: Iskenderun's Mystic Blast
Confirm with . or Enter, or press ? or * to list all spells.
You don't have enough magic to cast that spell.
Unknown command.
Casting: Iskenderun's Mystic Blast
Confirm with . or Enter, or press ? or * to list all spells.
Aiming: Magic Dart
Press: ? - help, Shift-Dir - straight line, f/p - Ijyb
Aim: Ijyb, wearing a leather armour and carrying a wand of lightning {zapped: 2} (moderately wounded)
The magic dart hits Ijyb.
Ijyb is moderately wounded.
Casting: Magic Dart
Confirm with . or Enter, or press ? or * to list all spells.
Aiming: Magic Dart
Press: ? - help, Shift-Dir - straight line, f/p - Ijyb
Aim: Ijyb, wearing a leather armour and carrying a wand of lightning {zapped: 2} (moderately wounded)
The magic dart hits Ijyb.
Ijyb is moderately wounded.
Ijyb zaps a wand.
The bolt of lightning hits you!
You die...

#.................[....# .##.
#....)..........######..#.##.
#................# ...
##(............#..# .#.
##..<..#.....###..# #.
#.....####.#####.## ...
#.....# #..#...... ...
#.......##......... #.
#.....#...@........# .
#.......####g...... .
#####..## ......$ ##.#
....... ....... .......
>...... .......


You could see Ijyb.

Vanquished Creatures
  3 gnolls (D:2)
  7 adders
  4 worms
  2 dart slugs
  A leopard gecko (D:3)
  6 bats
  5 giant cockroaches
  4 goblins
  5 hobgoblins
  3 kobolds
  2 ball pythons
  2 frilled lizards
  8 rats
52 creatures vanquished.

Vanquished Creatures (others)
  A human (D:2)
1 creature vanquished.

Grand Total: 53 creatures vanquished

Notes
Turn   | Place    | Note
-------+----------+-------------------------------------------
     0 | D:1      | theElss the High Elf Conjurer began the quest for the Orb.
     0 | D:1      | Reached XP level 1. HP: 11/11 MP: 4/4
   533 | D:1      | Reached XP level 2. HP: 17/17 MP: 0/6
   540 | D:1      | Learned a level 2 spell: Searing Ray
  1016 | D:2      | Reached skill level 5 in Conjurations
  1277 | D:2      | Reached XP level 3. HP: 21/21 MP: 4/8
  1547 | D:3      | Noticed Aelig's ghost (amateur HOWn)
  1819 | D:2      | Found a faded altar of an unknown god.
  1906 | D:2      | Reached XP level 4. HP: 27/27 MP: 7/9
  2218 | D:2      | Found a shattered altar of Ashenzari.
  2218 | D:2      | Found a bloodstained altar of Trog.
  2218 | D:2      | Found a white marble altar of Elyvilon.
  2338 | D:2      | Reached skill level 6 in Conjurations
  2506 | D:2      | Found an ancient bone altar of Kikubaaqudgha.
  2518 | D:2      | Noticed a human
  2519 | D:2      | Killed a human
  2743 | D:3      | Learned a level 4 spell: Iskenderun's Mystic Blast
  2859 | D:3      | Reached XP level 5. HP: 31/31 MP: 9/11
  3134 | D:3      | Found a sacrificial altar of Ru.
  3215 | D:3      | Noticed Ijyb
  3223 | D:3      | Killed from afar by Ijyb

Skill      XL: |  1  2  3  4 |
---------------+-------------+-----
Conjurations   | 5 6 |  6.3
Spellcasting   | 3 |  3.9
Dodging        | |  2.1
Stealth        | |  2.1

Action                   |  1- 3 |  4- 6 || total
-------------------------+-------+-------++-------
Melee: Club              |     4 |       ||     4
 Cast: Magic Dart        |    53 |    41 ||    94
       Searing Ray       |     3 |     7 ||    10
       Iskenderun's Myst |       |     2 ||     2
  Use: Scroll            |     2 |       ||     2
  Eat: Chunk             |     3 |     4 ||     7
Dodge: Dodged            |    14 |     8 ||    22
